 Dungeon Crawl Stone Soup version 0.31-a0-431-g88bdf31460 (webtiles) character file.

Game seed: 18072962961907220136

1003 Newt the Skirmisher (level 8, -1/49 HPs)
             Began as a Kobold Hunter on July 31, 2023.
             Was an Initiate of Hepliaklqana.
             Slain by a killer bee (8 damage)
             ... on level 6 of the Dungeon.
             The game lasted 00:04:35 (4439 turns).

Newt the Skirmisher (Kobold Hunter)                 Turns: 4439, Time: 00:04:36

Health: -1/49      AC:  4    Str:  8    XL:     8   Next: 43%
Magic:  8/8        EV: 18    Int: 10    God:    Hepliaklqana [......]
Gold:   186        SH:  0    Dex: 21    Spells: 7/7 levels left

rFire   . . .        a - +0 shortbow (freeze)
rCold   . . .        (shield currently unavailable)
rNeg    . . .        c - +1 leather armour
rPois   .            (no helmet)
rElec   .            (no cloak)
rCorr   .            (no gloves)
SInv    .            (no boots)
Will    .....        (no amulet)
Stlth   +++          (no ring)
HPRegen 0.28/turn    (no ring)
MPRegen 0.11/turn

%: no passive effects
@: lethally poisoned (-1 -> -15)
A: small, no large weapons, nightstalker 3
a: Renounce Religion


You were on level 6 of the Dungeon.
You worshipped Hepliaklqana.
Hepliaklqana was noncommittal.
You visited 2 branches of the dungeon, and saw 7 of its levels.

You collected 186 gold pieces.

Inventory:

Hand Weapons
 a - a +0 shortbow of freezing (weapon)
Missiles
 k - a throwing net
Armour
 c - a +1 leather armour (worn)
Talismans
 g - a beast talisman
Wands
 d - a wand of iceblast (6)
 p - a wand of polymorph (13)
Scrolls
 b - a scroll of butterflies
 l - 2 scrolls of identify
 m - a scroll of enchant armour
 n - a scroll of noise {unknown}
 o - a scroll of teleportation
Potions
 e - a potion of brilliance
 f - a potion of curing
 h - 2 potions of attraction
 i - 2 potions of heal wounds {unknown}
 j - 2 potions of magic {unknown}
 q - a potion of enlightenment {unknown}


   Skills:
 - Level 5.0 Fighting
 + Level 10.4 Ranged Weapons
 - Level 6.0 Dodging
 - Level 1.3 Stealth


You had 7 spell levels left.
You didn't know any spells.
Your spell library contained the following spells:

 Spells                   Type           Power      Damage    Failure   Level
 Apportation              Tloc           0%         N/A       50%         1
 Necrotise                Necr           0%         1d4       50%         1
 Summon Small Mammal      Summ           0%         N/A       50%         1
 Hailstorm                Conj/Ice       0%         3d3       86%         3
 Summon Ice Beast         Ice/Summ       0%         N/A       99%         4
 Iskenderun's Battlesphe  Conj           0%         2d6       100%        5
 Leda's Unmaking          Conj/Erth      0%         9d1       100%        6
 Simulacrum               Ice/Necr       0%         N/A       100%        6
 Spellforged Servitor     Conj/Summ      0%         N/A       100%        7


Dungeon Overview and Level Annotations

Branches:
Dungeon (7/15)             Temple (1/1) D:6

Altars:
Cheibriados
Dithmenos
Elyvilon
Hepliaklqana
Kikubaaqudgha
Qazlal
Ru
Sif Muna
Trog
Wu Jian
Yredelemnul
Zin
The Shining One

Shops:
D:6 *


Innate Abilities, Weirdness & Mutations

You are small and have problems with some larger weapons.
You are completely attuned to the shadows.


Message History

You are more poisoned.
The killer bee poisons you!
You shoot an arrow. The arrow hits the killer bee!
The arrow freezes the killer bee.
The killer bee is severely wounded.
You feel sick. The killer bee stings you.
You shoot an arrow. The arrow misses the killer bee.
The arrow closely misses the killer bee.
You feel sick.
The killer bee stings you but does no damage.
The killer bee misses you.
You shoot an arrow. The arrow hits the killer bee.
The arrow freezes the killer bee.
The killer bee is almost dead.
You feel sick. The killer bee misses you. The killer bee stings you!
* * * LOW HITPOINT WARNING * * *
You shoot an arrow.
The arrow closely misses the killer bee.
The arrow misses the killer bee.
You feel sick. The killer bee stings you.
* * * LOW HITPOINT WARNING * * *
The killer bee closely misses you.
Unknown command.
You feel better. The killer bee misses you. The killer bee barely misses you.
You shoot an arrow.
The arrow closely misses the killer bee.
The arrow misses the killer bee.
The killer bee stings you.
You are poisoned.
The killer bee poisons you! The killer bee closely misses you.
You shoot an arrow. The arrow misses the killer bee.
The arrow closely misses the killer bee.
You feel sick.
The killer bee stings you but does no damage.
The killer bee closely misses you.
You shoot an arrow.
The arrow closely misses the killer bee.
The arrow misses the killer bee.
You feel sick. The killer bee stings you.
* * * LOW HITPOINT WARNING * * *
You are lethally poisoned!
The killer bee poisons you! The killer bee stings you!
You die...

###..##..........................
####.##..........................
.###..##.............>...........
..>....##.................[......
.................................
....##...###....<.#####..........
...####..# #####y## ##...........
..## #..# #y# #..##........ .##
#..# ##@####.###........ ####
##.######..##...# ##^...... ...#
#........##....####.#...## ...##
#......(.#.......##.##### ##..#
#.......##..#.#..##.###### #..#
##........#.#...#.#....##..
##.###..##.........∩...##.......
##..##..###.......#...#.######...
........###..####..#.#..# ##...#


You could see 2 killer bees.

Vanquished Creatures
  A water moccasin (D:5)
  2 black bears
  2 ice beasts
  A centaur (D:5)
  A scorpion (D:5)
  A killer bee (D:6)
  A howler monkey (D:6)
  A hound (D:6)
  Ijyb (D:5)
  2 iguanas
  11 gnolls
  2 adders
  2 ufetubi (D:5)
  A worm (D:2)
  A dart slug (D:2)
  6 orcs
  3 ball pythons
  10 endoplasms
  A giant cockroach (D:1)
  6 goblins
  3 hobgoblins (D:2)
  3 quokkas
  8 bats
  A frilled lizard (D:1)
  2 rats
73 creatures vanquished.

Notes
Turn   | Place    | Note
-------+----------+-------------------------------------------
     0 | D:1      | Newt the Kobold Hunter began the quest for the Orb.
     0 | D:1      | Reached XP level 1. HP: 12/12 MP: 1/1
   114 | D:1      | Reached XP level 2. HP: 18/18 MP: 2/2
   386 | D:1      | Reached XP level 3. HP: 23/23 MP: 3/3
   844 | D:2      | Found a sacrificial altar of Ru.
   882 | D:2      | Reached XP level 4. HP: 19/30 MP: 4/4
  1259 | D:3      | Reached skill level 5 in Fighting
  1300 | D:3      | Reached XP level 5. HP: 23/35 MP: 5/5
  1517 | D:3      | You fall into a shaft and drop 2 floors!
  1517 | D:5      | Entered Level 5 of the Dungeon
  1548 | D:5      | Reached skill level 6 in Ranged Weapons
  1559 | D:5      | Noticed a centaur
  1567 | D:5      | Killed a centaur
  1568 | D:5      | Reached skill level 7 in Ranged Weapons
  1568 | D:5      | Reached XP level 6. HP: 18/40 MP: 6/6
  1775 | D:5      | Noticed an ice beast
  1799 | D:5      | Killed an ice beast
  1800 | D:5      | Reached skill level 8 in Ranged Weapons
  2177 | D:5      | Noticed a black bear
  2181 | D:5      | Killed a black bear
  2182 | D:5      | Reached XP level 7. HP: 42/44 MP: 7/7
  2208 | D:5      | Noticed Ijyb
  2316 | D:5      | Killed Ijyb
  2317 | D:5      | Reached skill level 9 in Ranged Weapons
  2559 | D:5      | Noticed a water moccasin
  2565 | D:5      | Killed a water moccasin
  2981 | D:5      | Reached skill level 5 in Dodging
  3508 | D:6      | Found Nojoq's Overcharged Wands.
  3591 | D:6      | Reached XP level 8. HP: 38/49 MP: 8/8
  3653 | D:6      | Found a staircase to the Ecumenical Temple.
  3919 | Temple   | Entered the Ecumenical Temple
  3940 | Temple   | Became a worshipper of Hepliaklqana the Forgotten
  4110 | D:6      | Reached skill level 10 in Ranged Weapons
  4408 | D:7      | Found a shadowy altar of Dithmenos.
  4439 | D:6      | Slain by a killer bee

Illustrated notes

Levels and vault maps discovered:
D:1:      psy_arrival_radial01, layout_rooms
D:2:      layout_rooms, basic_altar
D:3:      layout_rooms, serial_shops, shop, dreamdust_ecumenical_altar_grove
D:5:      layout_loops_ring, amethyst_killhole, uniq_ijyb
D:6:      layout_layer_cave, minmay_temple_entry_ruins,
          nicolae_shop_overcharged_wands
D:7:      layout_layer_cave, led_xom_imps, grunt_temple_overflow_open,
          fedhas_altar_2, chequers_decorated_corner, uniq_maggie, uniq_joseph,
          uniq_crazy_yiuf_cottage, uniq_pikel, uniq_menkaure
Temple:   minmay_temple_bridge_abc

Skill      XL: |  1  2  3  4  5  6  7  8 |
---------------+-------------------------+-----
Fighting       | 3 4 5 |  5.0
Ranged Weapons | 7 8 9 10 | 10.4
Dodging        | 6 |  6.0
Stealth        | |  1.3

Action                     |  1- 3 |  4- 6 |  7- 9 || total
---------------------------+-------+-------+-------++-------
   Fire: Shortbow          |    77 |    62 |   138 ||   277
    Use: Scroll            |     4 |     2 |     1 ||     7
         Potion            |       |     3 |     2 ||     5
 Armour: Leather armour    |    10 |     5 |    14 ||    29
  Dodge: Dodged            |    27 |    28 |   101 ||   156

Table legend: (Time is in decaauts)
 A = Elapsed time spent in this place.
 B = Non-inter-level travel time spent in this place.
 C = Inter-level travel time spent in this place.
 D = Time resting spent in this place.
 E = Time spent auto-exploring this place.
 F = Levels seen in this place.
 G = Mean time per level.
                   A        B        C        D        E       F      G
               +--------+--------+--------+--------+--------+-----+--------+
         Total |   4425 |   4190 |    235 |    745 |   2947 |   7 |  632.1 |
       Dungeon |   4382 |   4189 |    193 |    745 |   2947 |   6 |  730.3 |
        Temple |     42 |      1 |     41 |      0 |      0 |   1 |   42.0 |
               +--------+--------+--------+--------+--------+-----+--------+

Top non-repeatable levels by time:
     D:5: 1502 daAuts
     D:6: 1332 daAuts
     D:2: 617 daAuts
     D:1: 607 daAuts
     D:3: 312 daAuts
  Temple: 42 daAuts
     D:7: 10 daAuts
